 Dungeon Crawl Stone Soup version 0.22.1-1-ga44c0e5 (webtiles) character file.

47 john2 the Grave Robber (level 3, 0/25 HPs)
             Began as a Human Necromancer on Oct 25, 2018.
             Slain by a gnoll
             ... wielding a +0 whip
              (4 damage)
             ... on level 2 of the Dungeon.
             The game lasted 00:11:06 (1688 turns).

john2 the Grave Robber (Human Necromancer)          Turns: 1688, Time: 00:11:07

Health: 0/25       AC:  3    Str:  8    XL:     3   Next: 97%
Magic:  1/6        EV: 13    Int: 16    God:
Gold:   43         SH:  0    Dex: 13    Spells: 5/6 levels left

rFire    . . .     SeeInvis .   b - +0 dagger
rCold    . . .     Gourm    .   (no shield)
rNeg     . . .     Faith    .   h - +0 robe
rPois    .         Spirit   .   (no helmet)
rElec    .         Reflect  .   (no cloak)
rCorr    .         Harm     .   (no gloves)
MR       .....                  e - +0 pair of boots
Stlth    ++........             (no amulet)
HPRegen  0.08/turn              (no ring)
MPRegen  0.10/turn              (no ring)

@: no status effects
A: no striking features
a: no special abilities


You were on level 2 of the Dungeon.
You were hungry.

You visited 1 branch of the dungeon, and saw 2 of its levels.

You collected 43 gold pieces.

Inventory:

Hand Weapons
 b - a +0 dagger (weapon)
 k - a +0 short sword
Armour
 a - a +0 robe
 e - a +0 pair of boots (worn)
 h - a +0 robe (worn)
Scrolls
 f - a scroll of immolation {unknown}
 j - a scroll of identify {unknown}
 l - a scroll of magic mapping {unknown}
Potions
 d - 2 potions of degeneration {unknown}
 g - a potion of brilliance {unknown}
 i - a potion of curing {unknown}
 m - a potion of flight {unknown}
 n - a potion of invisibility {unknown}
Comestibles
 c - a ration


   Skills:
 + Level 0.5 Fighting
 + Level 0.6 Short Blades
 * Level 1.0 Armour
 + Level 2.4 Dodging
 - Level 2.2 Stealth
 + Level 2.4 Spellcasting
 + Level 4.2 Necromancy


You had 5 spell levels left.
You knew the following spells:

 Your Spells              Type           Power        Failure   Level  Hunger
a - Pain                  Necr           ###.         3%          1    #......

Your spell library contained the following spells:

 Spells                   Type           Power        Failure   Level  Hunger
 Animate Skeleton         Necr           N/A          3%          1    #......
 Vampiric Draining        Necr           ###.......   11%         3    ###....
 Regeneration             Chrm/Necr      #.........   26%         3    ###....
 Animate Dead             Necr           N/A          34%         4    #####..


Dungeon Overview and Level Annotations

Branches:
Dungeon (2/15)

Altars:
Xom


Message History

You hit the gnoll.
The gnoll is lightly wounded.
The gnoll hits you with a whip!
You hit the gnoll but do no damage.
The gnoll is lightly wounded.
The gnoll hits you with a whip.
* * * LOW HITPOINT WARNING * * *
Casting: Pain (safe; 3% risk of failure)
Confirm with . or Enter, or press ? or * to list all spells.
Aiming: Pain (safe; 3% risk of failure)
Press: ? - help, Shift-Dir - straight line, f - gnoll
Aim: a gnoll, wielding a whip (lightly wounded, chance to defeat MR: 80%)
The gnoll writhes in agony!
The gnoll barely misses you.
Casting: Pain (safe; 3% risk of failure)
Confirm with . or Enter, or press ? or * to list all spells.
Aiming: Pain (safe; 3% risk of failure)
Press: ? - help, Shift-Dir - straight line, f/p - gnoll
Aim: a gnoll, wielding a whip (heavily wounded, chance to defeat MR: 80%)
The gnoll writhes in agony!
The gnoll hits you with a whip.
You die...

#.# #....... #.#
#####.## #.# ###.#
#.# #...# #.# #.#'##
#.# ###..... ###.##
###....♣..
#####....###.♣♣.♣..♣.
#...@.....#..♣.♣♣♣♣♣♣
#.###g.....♣♣..♣....♣
#.# #.#....♣.♣♣.♣♣♣.♣
#.# #.....#..♣.♣♣♣.♣♣
#.# ##.##..♣♣♣♣♣♣.♣♣♣
#.####.##.#)♣♣♣♣.♣.♣.
#.....>...#...♣♣♣♣_.♣
######.#####.♣♣♣♣♣♣♣♣
#.# #.♣♣....♣♣


You could see a gnoll.

Vanquished Creatures
  2 gnolls (D:2)
  An adder (D:2)
  2 leopard geckos
  2 giant cockroaches (D:1)
  A goblin (D:1)
  3 hobgoblins
  2 kobolds
  A bat (D:2)
  5 rats
19 creatures vanquished.

Notes
Turn   | Place    | Note
-------+----------+-------------------------------------------
     0 | D:1      | john2 the Human Necromancer began the quest for the Orb.
     0 | D:1      | Reached XP level 1. HP: 13/13 MP: 3/3
   316 | D:1      | Reached XP level 2. HP: 9/19 MP: 0/5
   707 | D:1      | Found a shimmering altar of Xom.
  1310 | D:2      | Reached XP level 3. HP: 11/24 MP: 4/6
  1618 | D:2      | Found a faded altar of an unknown god.
  1660 | D:2      | Reached skill level 1 in Armour
  1688 | D:2      | Slain by a gnoll

Skill      XL: |  1  2  3 |
---------------+----------+-----
Armour         | 1 |  1.0
Fighting       | |  0.5
Short Blades   | |  0.6
Dodging        | |  2.4
Stealth        | |  2.2
Spellcasting   | |  2.4
Necromancy     | |  4.2

Action                   || total
-------------------------++-------
Melee: Unarmed           ||    16
       Dagger            ||    46
 Cast: Pain              ||    27
 Stab: Sleeping          ||     4
  Eat: Chunk             ||     2
Armor: Robe              ||    12
Dodge: Dodged            ||    43
